 Dungeon Crawl Stone Soup version 0.28-a0-194-g42b4daccc1 (webtiles) character file.

Game seed: 5222092845809553441

80509 kae the Executioner (level 15, -6/132 HPs)
             Began as a Hill Orc Fighter on Aug 18, 2021.
             Was the Champion of Qazlal.
             Killed from afar by a lich (25 damage)
             ... with a bolt of cold
             ... on level 1 of the Abyss.
             The game lasted 00:15:37 (18432 turns).

kae the Executioner (Hill Orc Fighter)             Turns: 18432, Time: 00:15:37

Health: -6/132     AC: 30    Str: 30    XL:     15   Next: 67%
Magic:  33/33      EV: 12    Int:  8    God:    Qazlal [******]
Gold:   1775       SH:  8    Dex: 10    Spells: 14/14 levels left

rFire   + . .      SeeInvis .   b - +0 executioner's axe (flame)
rCold   + . .      Faith    .   (shield currently unavailable)
rNeg    + . .      Spirit   .   p - +7 chain mail of the Mind {rElec}
rPois   +          Reflect  .   z - +2 hat
rElec   +          Harm     .   B - +2 cloak
rCorr   +          Rampage  .   x - +1 pair of gloves of Ceival {Will+ rCorr Str+4}
Will    ++...                   r - +2 pair of boots
Stlth   ..........              I - amulet "Eseanuh" {rElec rPois rF+ rC+ rN+ Regen+}
HPRegen 0.00/turn               q - ring of magical power
MPRegen 0.23/turn               A - ring of resist corrosion

@: diseased, repel missiles
A: no striking features
a: Renounce Religion, Upheaval, Elemental Force, Disaster Area


You were on level 1 of the Abyss.
You worshipped Qazlal.
Qazlal was exalted by your worship.
You visited 3 branches of the dungeon, and saw 19 of its levels.
You visited the Abyss 1 time.
You also visited: Sewer and Ossuary.

You collected 2050 gold pieces.
You spent 275 gold pieces at shops.

Inventory:

Hand Weapons
 a - a +2 spectral war axe
 b - a +0 executioner's axe of flaming (weapon)
 k - a +4 war axe
Missiles
 y - 4 throwing nets (quivered)
Armour
 c - a +0 kite shield
 p - the +7 chain mail of the Mind (worn) {rElec}
   (You found it on level 4 of the Dungeon)

   rElec:     It insulates you from electricity.
 r - a +2 pair of boots (worn)
 x - the +1 pair of gloves of Ceival (worn) {Will+ rCorr Str+4}
   (You bought it in a shop on level 8 of the Dungeon)

   Str:       It affects your strength (+4).
   rCorr:     It protects you from acid and corrosion.
   Will:      It increases your willpower.
 z - a +2 hat (worn)
 B - a +2 cloak (worn)
Jewellery
 q - a ring of magical power (left hand)
 A - a ring of resist corrosion (right hand)
 D - a ring of protection from cold
 I - the amulet "Eseanuh" (around neck) {rElec rPois rF+ rC+ rN+ Regen+}
   (You acquired it on level 10 of the Dungeon)

   [amulet of regeneration]

   rF:        It protects you from fire.
   rC:        It protects you from cold.
   rElec:     It insulates you from electricity.
   rPois:     It protects you from poison.
   rN:        It protects you from negative energy.
   Regen:     It increases your rate of health regeneration.
Wands
 s - a wand of paralysis (29)
 u - a wand of polymorph (17)
 w - a wand of acid (39)
 C - a wand of flame (20)
 G - a wand of iceblast (14)
Scrolls
 o - a scroll of fear
 F - 2 scrolls of teleportation
 H - a scroll of fog
 J - a scroll of summoning
 M - a scroll of holy word
Potions
 d - 3 potions of might
 e - a potion of mutation
 f - 3 potions of haste
 g - a potion of magic
 h - 5 potions of heal wounds
 i - 3 potions of flight
 j - 8 potions of attraction {unknown}
 l - 15 potions of curing {unknown}
 m - 4 potions of berserk rage
 n - 5 potions of lignification
 t - 3 potions of cancellation
 v - 3 potions of resistance
 K - 2 potions of invisibility {unknown}
 O - a potion of ambrosia {unknown}


   Skills:
 - Level 12.0 Fighting
 * Level 22.6 Axes
 + Level 11.4 Armour
 + Level 8.5 Dodging
 - Level 3.2 Shields
 - Level 12.0 Invocations


You had 14 spell levels left.
You didn't know any spells.
Your spell library contained the following spells:

 Spells                   Type           Power      Damage    Failure   Level
 Apportation              Tloc           0%         N/A       85%         1
 Corona                   Hex            0%         N/A       85%         1
 Freeze                   Ice            0%         1d3       85%         1
 Magic Dart               Conj           0%         1d3       85%         1
 Shock                    Conj/Air       0%         1d3       85%         1
 Call Imp                 Summ           0%         N/A       94%         2
 Corpse Rot               Necr/Air       N/A        N/A       94%         2
 Ensorcelled Hibernation  Hex/Ice        0%         N/A       94%         2
 Poisonous Vapours        Pois/Air       0%         N/A       94%         2
 Conjure Flame            Conj/Fire      0%         6-21      99%         3
 Frozen Ramparts          Ice            0%         1d2       99%         3
 Gell's Gravitas          Tloc           0%         N/A       99%         3
 Ignite Poison            Fire/Tmut/Pois 0%         N/A       99%         3
 Lesser Beckoning         Tloc           0%         N/A       99%         3
 Mephitic Cloud           Conj/Pois/Air  0%         N/A       99%         3
 Ozocubu's Armour         Ice            0%         N/A       99%         3
 Swiftness                Air            0%         N/A       99%         3
 Teleport Other           Tloc           0%         N/A       99%         3
 Tukima's Dance           Hex            0%         N/A       99%         3
 Airstrike                Air            0%         N/A       100%        4
 Hailstorm                Conj/Ice       0%         3d3       100%        4
 Sticky Flame             Conj/Fire      0%         2d3       100%        4
 Alistair's Intoxication  Tmut/Pois      0%         N/A       100%        5
 Bolt of Magma            Conj/Fire/Erth 0%         4d4       100%        5
 Freezing Cloud           Conj/Ice/Air   0%         6-21      100%        5
 Metabolic Englaciation   Hex/Ice        0%         N/A       100%        5
 Invisibility             Hex            0%         N/A       100%        6
 Simulacrum               Ice/Necr       0%         N/A       100%        6


Dungeon Overview and Level Annotations

Branches:
Dungeon (12/15)            Temple (1/1) D:4            Lair (6/6) D:10
  Swamp (0/4) Lair:3       Spider (0/4) Lair:4        Slime (0/5) Lair:6
    Orc (0/2) D:9           Sewer (visited)         Ossuary (visited)

Altars:
Ashenzari
Cheibriados
Dithmenos
Elyvilon
Fedhas
Gozag
Hepliaklqana
Kikubaaqudgha
Makhleb
Nemelex Xobeh
Okawaru
Qazlal
Ru
Sif Muna
Trog
Uskayaw
Vehumet
Wu Jian
Xom
Yredelemnul
Zin
The Shining One

Shops:
D:8 [   D:11 (

Annotations:
D:12 Sonja


Message History

You closely miss the lich.
You hear a bark!
You block the lich's attack.
You barely miss the lich.
The lich touches you but does no damage.
You completely miss the lich.
The lich touches you but does no damage.
You slice the lich!! You burn the lich.
The lich is heavily damaged.
You hear a bark!
The lich touches you but does no damage.
You block the lich's attack.
You barely miss the lich.
The lich is moderately damaged.
The lich touches you but does no damage.
You hit the lich but do no damage.
The lich is moderately damaged.
The lich points at you and mumbles some strange words.
The bolt of cold hits you! You resist.
You hit the lich but do no damage.
The lich is moderately damaged.
You hear a bark!
The lich conjures a glowing orb.
The wavering orb of destruction weakly hits you!!
* * * LOW HITPOINT WARNING * * *
A ynoxinul comes into view.
The lich gestures wildly while chanting.
The lich flickers and vanishes!
Deactivating autopickup; reactivate with Ctrl-A.
You barely miss something.
You hear a bark! x2
Something touches you but does no damage.
You completely miss something.
You hear a shout!
You hear a bark! x2
Something touches you but does no damage.
You cut something into ribbons!!! You burn something!
You hear a bark!
You hear some strange, mumbled words.
A bolt of cold appears from out of thin air!
The bolt of cold hits you!! You resist.
You die...

# .#.. ....
# #..######
# #.##.?#..#
.##
###...#..##
. #.....#..#
.# #
##......#..#
#...##○.○3.#
##.
#.§.@...###
# ##.{○○#.#
## #.#.°.§##
# #........#
. .
.∩.#.#..∩.#
. . ..
........ # .
......#...
.##.##..#.##
.. . . .


You could see a ynoxinul.

Vanquished Creatures
  2 tentacled starspawn (Abyss:1)
  A cacodemon (Abyss:1)
  A starcursed mass (Abyss:1)
  Snorg (Lair:5)
  The ghost of Vude the Cleaver, a journeyman HOMo of Beogh (Lair:2)
  Harold (D:8)
  A boulder beetle (D:12)
  Fannar (Lair:1)
  7 hydras
  3 catoblepae (Lair:6)
  4 two-headed ogres
  24 death yaks
  Nergalle (Lair:2)
  A bog body (Lair:3)
  A mana viper (Abyss:1)
  2 manticores (Lair:6)
  A worldbinder (Abyss:1)
  21 elephants
  6 black mambas
  2 orange demons (Abyss:1)
  A smoke demon (Abyss:1)
  A gargoyle (D:12)
  A torpor snail (Lair:6)
  14 cane toads
  4 rime drakes
  16 komodo dragons
  A kobold demonologist (D:12)
  2 ancient zymes (Abyss:1)
  2 jumping spiders (Lair:4)
  3 trolls
  A slime creature (Lair:1)
  Grinder (D:5)
  3 blink frogs (Lair:5)
  11 dream sheep
  2 small abominations (Abyss:1)
  A shadow (D:11)
  A spriggan (D:8)
  2 wraiths
  5 wyverns
  A steam dragon (D:7)
  58 yaks
  3 basilisks
  7 vampire mosquitoes (D:12)
  A large abomination (Abyss:1)
  2 swamp worms (Lair:3)
  3 acid dragons
  16 water moccasins
  Purgy (Sewer)
  7 orc warriors
  2 black bears
  A sky beast (D:7)
  2 ice beasts
  A necrophage (D:7)
  A wolf (Lair:6)
  8 centaurs
  An ogre (D:4)
  2 phantoms
  3 kobold brigands
  Blork the orc (D:6)
  17 bullfrogs
  4 scorpions
  A water moccasin skeleton (D:6)
  16 killer bees
  3 howler monkeys
  An electric eel (Lair:3)
  5 centaur zombies
  2 bullfrog zombies
  9 jellies
  A hound (D:7)
  A human zombie (Ossuary)
  10 orc priests
  Ijyb (D:5)
  5 iguanas
  10 hell rats
  5 orc wizards
  2 mummies (Ossuary)
  A howler monkey zombie (D:8)
  7 gnolls
  5 adders
  2 white imps
  2 adder skeletons (D:4)
  3 adder zombies (Ossuary)
  2 worms (D:2)
  11 dart slugs
  27 orcs
  4 bats
  21 endoplasms
  4 giant cockroaches
  7 goblins
  11 hobgoblins
  3 jackals (D:1)
  24 kobolds
  4 quokkas
  12 ball pythons
  13 frilled lizards
  12 hobgoblin zombies (Ossuary)
  5 jackal zombies (Ossuary)
  10 kobold zombies (Ossuary)
  4 orc zombies (Ossuary)
  A rat (D:5)
  2 starspawn tentacles (Abyss:1)
565 creatures vanquished.

Vanquished Creatures (others)
  A wizard (D:8)
  4 bushes (Lair:2)
  24 fungi
  31 plants
  3 starspawn tentacles (Abyss:1)
63 creatures vanquished.

Grand Total: 628 creatures vanquished

Notes
Turn   | Place    | Note
-------+----------+-------------------------------------------
     0 | D:1      | kae the Hill Orc Fighter began the quest for the Orb.
     0 | D:1      | Reached XP level 1. HP: 19/19 MP: 1/1
   169 | D:1      | Reached skill level 3 in Axes
   291 | D:1      | Found a faded altar of an unknown god.
   313 | D:1      | Reached XP level 2. HP: 27/27 MP: 2/2
   619 | D:1      | Reached skill level 4 in Axes
   690 | D:1      | Reached XP level 3. HP: 33/33 MP: 3/3
  1193 | D:2      | Reached XP level 4. HP: 41/41 MP: 4/4
  1420 | D:3      | Reached skill level 5 in Axes
  1525 | D:3      | Reached XP level 5. HP: 42/47 MP: 5/5
  1942 | D:3      | Reached skill level 5 in Fighting
  2022 | D:3      | Reached skill level 6 in Axes
  2519 | D:4      | Found a sand-covered staircase.
  2582 | Ossuary  | Entered an ossuary
  2714 | Ossuary  | Reached XP level 6. HP: 52/56 MP: 6/6
  2750 | Ossuary  | Reached skill level 7 in Axes
  2986 | D:4      | Reached skill level 8 in Axes
  2986 | D:4      | Reached XP level 7. HP: 53/63 MP: 7/7
  3060 | D:4      | Found a staircase to the Ecumenical Temple.
  3964 | D:4      | Identified the +7 chain mail of the Mind {rElec}
  3982 | Temple   | Entered the Ecumenical Temple
  4135 | Temple   | Became a worshipper of Qazlal Stormbringer
  4269 | D:4      | Reached skill level 1 in Invocations
  4432 | D:4      | Found a shimmering altar of Xom.
  4511 | D:5      | Entered Level 5 of the Dungeon
  4723 | D:5      | Reached skill level 9 in Axes
  4791 | D:5      | Reached XP level 8. HP: 62/71 MP: 8/10
  4854 | D:5      | Noticed Ijyb
  4874 | D:5      | Killed Ijyb
  5117 | D:5      | Reached skill level 10 in Axes
  5138 | D:5      | Identified the +6 short sword of Zoti {venom, Dex+3}
  5173 | D:5      | Found a glowing drain.
  5194 | Sewer    | Entered a sewer
  5283 | Sewer    | Noticed Purgy
  5292 | Sewer    | Killed Purgy
  5474 | D:5      | Noticed Grinder
  5484 | D:5      | Killed Grinder
  5563 | D:5      | Found a hazy altar of Hepliaklqana.
  5757 | D:5      | Found an ornate altar of the Wu Jian Council.
  5757 | D:5      | Found an ancient bone altar of Kikubaaqudgha.
  5875 | D:5      | Reached * piety under Qazlal
  5876 | D:5      | Reached skill level 11 in Axes
  5876 | D:5      | Reached skill level 5 in Invocations
  6223 | D:6      | Noticed a yak
  6225 | D:6      | Noticed a yak
  6225 | D:6      | Noticed a yak
  6225 | D:6      | Noticed a yak
  6226 | D:6      | Noticed a yak
  6228 | D:6      | Killed a yak
  6229 | D:6      | Reached XP level 9. HP: 80/81 MP: 11/13
  6237 | D:6      | Reached skill level 12 in Axes
  6385 | D:6      | Found a basalt altar of Yredelemnul.
  6495 | D:6      | Noticed Blork the orc
  6500 | D:6      | Killed Blork the orc
  7394 | D:7      | Reached skill level 13 in Axes
  7394 | D:7      | Reached XP level 10. HP: 91/91 MP: 15/15
  7724 | D:8      | Found Koxidgh's Antique Armour Shop.
  7729 | D:8      | Bought a pair of spiked gloves for 275 gold pieces
  7729 | D:8      | Identified the +1 pair of gloves of Ceival {Will+ rCorr
                  | Str+4} (You bought it in a shop on level 8 of the Dungeon)
  7766 | D:8      | Reached ** piety under Qazlal
  7882 | D:8      | Noticed Harold
  7904 | D:8      | Killed Harold
  7905 | D:8      | Reached skill level 10 in Fighting
  7918 | D:8      | Reached skill level 14 in Axes
  8381 | D:8      | Found a bloodstained altar of Trog.
  8382 | D:8      | Noticed a wizard
  8387 | D:8      | Killed a wizard
  8735 | D:9      | Reached *** piety under Qazlal
  8959 | D:9      | Found a staircase to the Orcish Mines.
  9203 | D:9      | Reached XP level 11. HP: 96/101 MP: 18/18
  9329 | D:10     | Entered Level 10 of the Dungeon
  9405 | D:10     | Reached skill level 15 in Axes
  9505 | D:10     | You fall into a shaft and drop 1 floor!
  9513 | D:11     | Reached skill level 10 in Invocations
  9866 | D:11     | Reached **** piety under Qazlal
  9993 | D:11     | Noticed a two-headed ogre
 10007 | D:11     | Killed a two-headed ogre
 10139 | D:11     | Found Onwuola's Weapon Emporium.
 10467 | D:10     | Reached skill level 16 in Axes
 10875 | D:10     | Found a staircase to the Lair.
 11037 | D:10     | Noticed a two-headed ogre
 11040 | D:10     | Killed a two-headed ogre
 11325 | D:10     | Identified 3 scrolls of acquirement
 11325 | D:10     | Acquired the amulet "Eseanuh" {rElec rPois rF+ rC+ rN+
                  | Regen+}
 11704 | Lair:1   | Entered Level 1 of the Lair of Beasts
 11707 | Lair:1   | Acquired 718 gold pieces
 11708 | Lair:1   | Acquired a +0 executioner's axe of flaming
 11716 | Lair:1   | Noticed a seven-headed hydra
 11798 | Lair:1   | Reached XP level 12. HP: 106/112 MP: 20/20
 11893 | Lair:1   | Killed a four-headed hydra
 11894 | Lair:1   | Reached skill level 17 in Axes
 12082 | Lair:1   | Reached skill level 1 in Dodging
 12103 | Lair:1   | Noticed Fannar
 12122 | Lair:1   | Killed Fannar
 12562 | Lair:2   | Noticed a four-headed hydra
 12568 | Lair:2   | Reached ***** piety under Qazlal
 12570 | Lair:2   | Killed a two-headed hydra
 12596 | Lair:2   | Reached skill level 5 in Armour
 12686 | Lair:2   | Noticed Nergalle
 12696 | Lair:2   | Killed Nergalle
 12749 | Lair:2   | Reached skill level 18 in Axes
 12813 | Lair:2   | Noticed an eight-headed hydra
 12822 | Lair:2   | Killed a five-headed hydra
 12869 | Lair:2   | Noticed a five-headed hydra
 12881 | Lair:2   | Killed a one-headed hydra
 13063 | Lair:2   | Found a runed translucent door.
 13063 | Lair:2   | Noticed Vude's ghost (journeyman HOMo)
 13436 | Lair:2   | Killed Vude's ghost
 13437 | Lair:2   | Reached XP level 13. HP: 118/118 MP: 22/22
 13946 | Lair:3   | Reached skill level 19 in Axes
 14154 | Lair:3   | Reached skill level 5 in Dodging
 14154 | Lair:3   | Found a staircase to the Swamp.
 14731 | Lair:4   | Reached skill level 20 in Axes
 14851 | Lair:4   | Found a hole to the Spider Nest.
 15307 | Lair:5   | Reached XP level 14. HP: 124/126 MP: 23/23
 15577 | Lair:5   | Reached ****** piety under Qazlal
 15915 | Lair:5   | Noticed Snorg
 15921 | Lair:5   | Killed Snorg
 16188 | Lair:6   | Entered Level 6 of the Lair of Beasts
 16378 | Lair:5   | Reached skill level 21 in Axes
 16577 | Lair:6   | Reached skill level 10 in Armour
 16924 | Lair:6   | Found a staircase to the Slime Pits.
 16985 | Lair:6   | Found a radiant altar of Vehumet.
 17028 | Lair:6   | Reached XP level 15. HP: 132/132 MP: 24/24
 17100 | Lair:6   | Found an opulent altar of Gozag.
 17286 | Lair:6   | Reached skill level 22 in Axes
 18187 | D:12     | Noticed Sonja
 18217 | D:12     | Cast into level 1 of the Abyss (Sonja)
 18283 | Abyss:1  | Noticed a tentacled starspawn
 18288 | Abyss:1  | Killed a tentacled starspawn
 18318 | Abyss:1  | Noticed a cacodemon
 18334 | Abyss:1  | Killed a cacodemon
 18393 | Abyss:1  | Noticed a tentacled starspawn
 18397 | Abyss:1  | Killed a tentacled starspawn
 18417 | Abyss:1  | Noticed a lich
 18432 | Abyss:1  | Killed from afar by a lich

Illustrated notes

Levels and vault maps discovered:
D:1:      scummos_arrival_checkerplants, layout_basic,
          hellmonk_ecumenical_altar_blasted, chequers_serial_rivers_room_b
D:2:      layout_loops_cross, kennysheep_boxes
D:3:      kennysheep_slugbush, layout_loops_ring
D:4:      layout_cave_pools, mainiacjoe_overflow_alcove_2,
          minmay_temple_entry_large_hall, chequers_ossuary_entry_cave,
          hangedman_abyss_or_decor_stagger, sigmund_army
D:5:      layout_basic, mainiacjoe_overflow_brackets,
          gammafunk_temple_overflow_wave, portal_sewer_entry_a,
          amcnicky_mini_pool_small, uniq_grinder, uniq_ijyb
D:6:      layout_gridville, mainiacjoe_overflow_six_doors_small,
          solitary_fountain, uniq_blork_the_orc
D:7:      layout_loops_ring
D:8:      layout_rooms, trog_wizard, serial_shops, kennysheep_little_box,
          the_hattery, uniq_harold
D:9:      layout_cross, david_orc_4
D:10:     layout_loops_ring, erik_lair_dragon, dk_noncrumbling_2,
          minmay_lizard_king
D:11:     layout_long_grid, serial_shops,
          nicolae_shop_competitors_out_of_business
D:12:     layout_basic, nemelex_spade_bored_becter, uniq_sonja
Temple:   eino_temple_scatter_basement
Lair:1:   lemuel_slime, layout_regular_city, beast_lair_carwin_11, uniq_fannar
Lair:2:   layout_chaotic_city, hellmonk_ghost_happy_afterlife,
          minmay_hedge_maze, grunt_megastairs_5, uniq_nergalle
Lair:3:   layout_regular_city, nicolae_swamp_entry_splash_gauntlet
Lair:4:   layout_small_grid, spider_nest_entry_a, minivault_23
Lair:5:   layout_cave_pods, infiniplex_staircase_pool_2, uniq_urug, uniq_snorg
Lair:6:   evilmike_catoblepas_cave, layout_layer_cave, slime_dummy, basic_altar,
          lemuel_altar_in_water2, guppyfry_lair_drakes
Abyss:1:  base:
D:15

Skill      XL: |  1  2  3  4  5  6  7  8  9 10 11 12 13 14 15 |
---------------+----------------------------------------------+-----
Axes           | 3 4 5 6 8 9 11 13 14 16 18 20 21 22 | 22.6
Fighting       | 4 5 6 8 9 10 11 12 | 12.0
Invocations    | 3 5 7 9 11 12 | 12.0
Dodging        | 3 5 7 8 |  8.5
Armour         | 6 8 10 11 | 11.4
Shields        | |  3.2

Action                   |  1- 3 |  4- 6 |  7- 9 | 10-12 | 13-15 || total
-------------------------+-------+-------+-------+-------+-------++-------
Melee: War axe           |   108 |   200 |   209 |   301 |       ||   818
       Executioner's axe |       |       |       |   198 |   539 ||   737
Evoke: Wand              |       |       |       |     2 |     9 ||    11
  Use: Scroll            |     1 |     6 |     8 |    11 |     4 ||    30
 Stab: Distracted        |       |       |     3 |     4 |       ||     7
Armor: Scale mail        |    67 |   122 |    13 |       |       ||   202
       Chain mail        |       |       |   103 |   258 |   388 ||   749
Dodge: Dodged            |    38 |    85 |    49 |   102 |   229 ||   503
       Repelled          |       |       |       |     2 |     3 ||     5
Block: Kite shield       |    49 |    85 |   105 |   132 |       ||   371
       Other             |       |       |       |    56 |   203 ||   259

Table legend: (Time is in decaauts)
 A = Elapsed time spent in this place.
 B = Non-inter-level travel time spent in this place.
 C = Inter-level travel time spent in this place.
 D = Time resting spent in this place.
 E = Time spent auto-exploring this place.
 F = Levels seen in this place.
 G = Mean time per level.
                   A        B        C        D        E       F      G
               +--------+--------+--------+--------+--------+-----+--------+
         Total |  18752 |  17903 |    849 |   1754 |  12856 |  22 |  852.4 |
       Dungeon |  11637 |  11066 |    571 |   1262 |   8002 |  12 |  969.8 |
        Temple |    162 |    131 |     31 |      0 |    129 |   1 |  162.0 |
          Lair |   6198 |   5952 |    246 |    394 |   4450 |   6 | 1033.0 |
         Abyss |    205 |    205 |      0 |     73 |     23 |   1 |  205.0 |
         Sewer |    240 |    240 |      0 |      0 |    148 |   1 |  240.0 |
       Ossuary |    308 |    308 |      0 |     25 |    103 |   1 |  308.0 |
               +--------+--------+--------+--------+--------+-----+--------+

Top non-repeatable levels by time:
     D:3: 1842 daAuts
     D:5: 1423 daAuts
    D:10: 1390 daAuts
  Lair:6: 1377 daAuts
  Lair:5: 1140 daAuts
  Lair:2: 973 daAuts
    D:11: 967 daAuts
  Lair:4: 925 daAuts
     D:4: 919 daAuts
     D:6: 908 daAuts
  Lair:3: 907 daAuts
     D:8: 903 daAuts
  Lair:1: 874 daAuts
     D:1: 859 daAuts
     D:9: 795 daAuts
